AoeStats
← oscbennetts

Lombardia

510245576Analyzed
4v4 RM · 15h ago on Sep 30, 2026· 57m 51s· 8 players
Game mode
Random Map
Map size
Large (8 player)
Population
200
Speed
Normal
Resources
Standard
Victory
Conquest
Starting age
Dark Age
Ending age
Imperial Age
RankedLock teamsTeams togetherTeam positionsShared explorationLock speedFull tech treeHidden civsTurbo modeCheats
Victory
Defeat
🇦🇷 Saracens · Argentina
1421
+19
🇲🇽 Khitans · Mexico
1421
+19
🇲🇽 Persians · Mexico
1373
+21
🇲🇽 Magyars · Mexico
1363
+21
🇨🇷 Mongols · Costa Rica
1691
-28
1517
-21
🇲🇽 Hindustanis · Mexico
1416
-17
🇭🇳 Persians · Honduras
1327
-14
oscbennetts
6:47 Loom
8:58 Feudal Age
9:43 Double-Bit Axe
11:39 Horse Collar
19:49 Gold Mining
22:05 Castle Age
21:28 Bloodlines
21:24 Scale Barding Armor
21:22 Stone Mining
23:19 Chain Barding Armor
23:54 Bow Saw
24:50 Heavy Plow
33:23 Husbandry
39:32 Wheelbarrow
39:59 Fletching
42:04 Hand Cart
45:12 Imperial Age
43:08 Corvinian Army
45:02 Town Watch
45:29 Cavalier
46:45 Plate Barding Armor
45:35 Elite Magyar Huszar
46:36 Conscription
47:29 Hoardings
47:47 Light Cavalry
47:48 Paladin
49:58 Town Patrol
49:35 Hussar
52:28 Caravan
53:00 Coinage
53:31 Conscription
54:05 Siege Engineers
54:15 Masonry
53:46 Treadmill Crane
56:30 Two-Man Saw
56:12 Crop Rotation
Zellet 3000
3:16 Loom
6:52 Loom
9:01 Feudal Age
9:30 Loom
11:48 Double-Bit Axe
13:07 Domestication
16:26 Wheelbarrow
19:17 Gold Mining
21:52 Castle Age
20:09 Forging
20:57 Fletching
21:08 Padded Archer Armor
22:39 Thumb Ring
22:56 Bow Saw
22:56 Husbandry
22:53 Bodkin Arrow
24:17 Leather Archer Armor
24:08 Heavy Cavalry Archer
34:16 Hand Cart
34:13 Town Watch
36:04 Ballistics
37:23 Stone Mining
37:35 Pastoralism
38:46 Scale Mail Armor
39:22 Iron Casting
38:37 Gambesons
38:53 Squires
38:39 Arson
42:29 Imperial Age
40:19 Chain Mail Armor
40:22 Masonry
43:43 Stone Shaft Mining
43:43 Plate Mail Armor
42:35 Elite Fire Lancer
44:00 Lamellar Armor
44:16 Conscription
45:57 Two-Man Saw
45:30 Transhumance
45:19 Guilds
46:14 Caravan
51:03 Bracer
52:06 Chemistry
[AOQ] Mini Viper
7:13 Loom
9:52 Feudal Age
12:25 Scale Barding Armor
20:41 Castle Age
19:45 Double-Bit Axe
20:21 Bloodlines
20:22 Gold Mining
22:01 Husbandry
22:25 Forging
25:04 Chain Barding Armor
26:32 Horse Collar
29:53 Iron Casting
30:42 Heavy Plow
34:10 Bow Saw
36:31 Stone Mining
42:08 Imperial Age
40:58 Town Watch
41:51 Wheelbarrow
41:59 Heavy Camel Rider
43:56 Plate Barding Armor
45:14 Blast Furnace
47:59 Two-Man Saw
48:05 Caravan
53:20 Crop Rotation
cuba
7:05 Loom
9:29 Feudal Age
11:12 Double-Bit Axe
14:11 Fletching
18:11 Padded Archer Armor
22:24 Wheelbarrow
26:11 Castle Age
24:25 Horse Collar
26:33 Gold Mining
26:14 Crossbowman
27:04 Thumb Ring
27:02 Bodkin Arrow
27:45 Bow Saw
31:48 Ballistics
32:29 Hand Cart
37:25 Gold Shaft Mining
36:59 Stone Mining
37:30 Fortified Wall
40:32 Imperial Age
38:40 Heavy Plow
41:09 Elite Mameluke
41:51 Town Watch
43:08 Two-Man Saw
42:29 Bracer
42:35 Scale Barding Armor
42:41 Forging
42:58 Conscription
44:55 Iron Casting
45:09 Scale Barding Armor
47:12 Blast Furnace
46:21 Husbandry
46:32 Bloodlines
48:09 Caravan
48:43 Town Patrol
48:42 Pikeman
49:22 Squires
49:24 Bracer
49:44 Chain Barding Armor
55:24 Light Cavalry
58:25 Plate Barding Armor
Francisco Morazán
10:26 Feudal Age
11:07 Loom
14:25 Castle Age
13:35 Double-Bit Axe
15:46 Scale Barding Armor
19:16 Bow Saw
20:28 Horse Collar
23:05 Gold Mining
26:01 Stone Mining
27:12 Fletching
28:25 Bloodlines
29:37 Forging
30:17 Chain Barding Armor
31:55 Iron Casting
32:29 Husbandry
35:46 Wheelbarrow
38:30 Imperial Age
36:29 Heavy Plow
37:20 Hand Cart
37:43 Fletching
39:13 Gold Shaft Mining
39:13 Stone Shaft Mining
39:10 Conscription
39:48 Plate Barding Armor
40:14 Blast Furnace
38:59 Heavy Camel Rider
43:14 Chemistry
42:25 Masonry
42:28 Caravan
43:42 Two-Man Saw
44:33 Crop Rotation
47:37 Architecture
47:28 Ballistics
47:08 Bodkin Arrow
53:37 Thumb Ring
56:14 Coinage
56:50 Light Cavalry
SSVictorin
6:03 Loom
6:16 Loom
8:50 Feudal Age
20:51 Double-Bit Axe
27:11 Castle Age
25:42 Scale Mail Armor
25:33 Horse Collar
27:37 Wheelbarrow
29:21 Padded Archer Armor
29:39 Chain Mail Armor
31:25 Forging
31:24 Squires
37:28 Arson
38:01 Heavy Plow
40:01 Iron Casting
44:39 Imperial Age
43:36 Gold Mining
44:42 Hand Cart
44:22 Town Watch
44:55 Hand Cart
44:41 Elite Ghulam
47:58 Blast Furnace
SSBARTO EL MANO LARGA
4:53 Loom
9:36 Feudal Age
11:41 Double-Bit Axe
12:19 Bloodlines
18:02 Horse Collar
22:48 Castle Age
21:45 Gold Mining
24:05 Bow Saw
25:23 Forging
25:04 Gambesons
25:20 Squires
27:46 Wheelbarrow
26:59 Town Watch
32:33 Iron Casting
33:24 Scale Mail Armor
35:25 Chain Mail Armor
36:10 Heavy Plow
38:49 Stone Mining
43:04 Hand Cart
44:06 Stone Shaft Mining
45:10 Caravan
46:00 Fletching
46:10 Padded Archer Armor
49:50 Imperial Age
49:45 Bodkin Arrow
50:08 Elite Varangian Guard
52:10 Ballistics
52:51 Chemistry
52:10 Bracer
53:11 Blast Furnace
52:53 Leather Archer Armor
52:02 Cranequins
53:54 Plate Mail Armor
53:31 Scale Barding Armor
53:28 Husbandry
CR | Domador de Puercas
7:06 Loom
10:27 Feudal Age
15:01 Castle Age
13:47 Double-Bit Axe
15:03 Scale Barding Armor
24:19 Fletching
24:51 Bloodlines
26:52 Bodkin Arrow
27:53 Padded Archer Armor
28:35 Ballistics
42:51 Wheelbarrow
45:17 Careening
45:27 Leather Archer Armor
45:14 Husbandry
48:10 Imperial Age
45:54 Thumb Ring
48:51 Bracer
49:05 Caravan
50:14 Chemistry
50:26 Parthian Tactics
50:51 Heavy Cavalry Archer
53:10 Conscription
Connection lost

Rejoining the realm…

Still unreachable

The connection could not be restored.

Session expired

The server has moved on; the page needs a fresh start.